| TOP OF THE 1ST |
|
Reno Aces batting - Pitching for Colorado Springs Sky Sox : RHP Andrew Ferrell
|
|
Pitching: RHP Andrew Ferrell
|
|
|
Batting: LHB Willie Gutierrez
|
0-0: Foul Ball, location: 2F 0-1: Ball 1-1: Foul Ball, location: 2F 1-2: Strikes out swinging
|
|
Batting: RHB Jesus Galvan
|
0-0: Swinging Strike 0-1: Fly out, F8 (Flyball, 8LM, EV 90.6 MPH)
|
|
Batting: LHB Bobby Arevalo
|
0-0: Called Strike 0-1: Foul Ball, location: 2F 0-2: Ball 1-2: Ball 2-2: Strikes out swinging
|
| Top of the 1st over - 0 runs, 0 hits, 0 errors, 0 left on base; Reno 0 - Colorado Springs 0 |
| BOTTOM OF THE 1ST |
|
Colorado Springs Sky Sox batting - Pitching for Reno Aces : LHP Nate Ciccarelli
|
|
Pitching: LHP Nate Ciccarelli
|
|
|
Batting: RHB Juan Figueroa
|
0-0: Called Strike 0-1: Ground out 4-3 (Groundball, 4, EV 84.4 MPH)
|
|
Batting: LHB Steve Gilliam
|
0-0: Foul Ball, location: 2F 0-1: Called Strike 0-2: Ball 1-2: Ball 2-2: Fly out, F9 (Flyball, 9D, EV 94.4 MPH)
|
|
Batting: RHB Ryan Rinaldi
|
0-0: Called Strike 0-1: Foul Ball, location: 2F 0-2: Strikes out swinging
|
| Bottom of the 1st over - 0 runs, 0 hits, 0 errors, 0 left on base; Reno 0 - Colorado Springs 0 |
| TOP OF THE 2ND |
|
Reno Aces batting - Pitching for Colorado Springs Sky Sox : RHP Andrew Ferrell
|
|
Batting: LHB Ian Jarvis
|
0-0: Called Strike 0-1: Ball 1-1: Foul Ball, location: 2F 1-2: Foul Ball, location: 2F 1-2: Foul Ball, location: 2F 1-2: SINGLE (Groundball, 4D, EV 94.4 MPH)
|
|
Batting: LHB Soo-yeon Kym
|
0-0: Foul Ball, location: 2F 0-1: Swinging Strike 0-2: Strikes out looking
|
|
Batting: RHB Danny Gerardo
|
0-0: Called Strike 0-1: Swinging Strike 0-2: Ball 1-2: Grounds into double play, 5-4-3 (Groundball, 56S, EV 87.5 MPH)
|
| Top of the 2nd over - 0 runs, 1 hit, 0 errors, 0 left on base; Reno 0 - Colorado Springs 0 |
| BOTTOM OF THE 2ND |
|
Colorado Springs Sky Sox batting - Pitching for Reno Aces : LHP Nate Ciccarelli
|
|
Batting: LHB Michael Krott
|
0-0: Ball 1-0: Ground out 4-3 (Groundball, 4, EV 83.1 MPH)
|
|
Batting: RHB Matviy Oliynyk
|
0-0: Called Strike 0-1: Foul Ball, location: 2F 0-2: Ball 1-2: Strikes out swinging
|
|
Batting: LHB Nick Martin
|
0-0: SINGLE (Flyball, 3D, EV 83.1 MPH)
|
|
Batting: SHB Chris Besselman
|
0-0: Called Strike 0-1: Ball Nick Martin is caught stealing 2nd base 2-4
|
| Bottom of the 2nd over - 0 runs, 1 hit, 0 errors, 0 left on base; Reno 0 - Colorado Springs 0 |
| TOP OF THE 3RD |
|
Reno Aces batting - Pitching for Colorado Springs Sky Sox : RHP Andrew Ferrell
|
|
Batting: RHB Enrique Juarez
|
0-0: Called Strike 0-1: Ground out 6-3 (Groundball, 6, EV 85.6 MPH)
|
|
Batting: RHB Edgar Garcia
|
0-0: Called Strike 0-1: Hit by Pitch
|
|
Batting: RHB Franklin Villanueva
|
0-0: Called Strike 0-1: Ball Edgar Garcia steals 2nd base 1-1: Called Strike 1-2: 2-RUN HOME RUN (Flyball, 78XD, EV 100.0 MPH), Distance : 391 ft
|
|
Batting: LHB Willie Gutierrez
|
0-0: Ball 1-0: Foul Ball, location: 2F 1-1: Ball 2-1: Called Strike 2-2: Foul Ball, location: 2F 2-2: Strikes out swinging
|
|
Batting: RHB Jesus Galvan
|
0-0: Called Strike 0-1: Ball 1-1: Ground out 5-3 (Groundball, 56S, EV 86.9 MPH)
|
| Top of the 3rd over - 2 runs, 1 hit, 0 errors, 0 left on base; Reno 2 - Colorado Springs 0 |
| BOTTOM OF THE 3RD |
|
Colorado Springs Sky Sox batting - Pitching for Reno Aces : LHP Nate Ciccarelli
|
|
Batting: SHB Chris Besselman
|
0-0: Ball 1-0: Foul Ball, location: 2F 1-1: Ball 2-1: SINGLE (Line Drive, 4MD, EV 95.0 MPH)
|
|
Batting: RHB Kevin Tangeman
|
0-0: Ball 1-0: Called Strike 1-1: Ball Wild Pitch! Chris Besselman to second 2-1: Ball 3-1: Called Strike 3-2: Foul Ball, location: 2F 3-2: Base on Balls
|
|
Batting: RHB Pei Xie
|
0-0: Swinging Strike 0-1: Swinging Strike 0-2: Foul Ball, location: 2F 0-2: Strikes out swinging
|
|
Batting: RHB Juan Figueroa
|
0-0: Ball 1-0: Ball 2-0: Called Strike 2-1: Fly out, F7 (Flyball, 78S, EV 88.1 MPH)
|
|
Batting: LHB Steve Gilliam
|
0-0: Ball 1-0: Foul Ball, location: 2F 1-1: Ball 2-1: Ball 3-1: DOUBLE (Line Drive, 7LS, EV 88.1 MPH) Chris Besselman scores Kevin Tangeman to third Runner from 3rd tries for Home, throw by LF and OUT! 7-6-2
|
| Bottom of the 3rd over - 1 run, 2 hits, 0 errors, 1 left on base; Reno 2 - Colorado Springs 1 |
| TOP OF THE 4TH |
|
Reno Aces batting - Pitching for Colorado Springs Sky Sox : RHP Andrew Ferrell
|
|
Batting: LHB Bobby Arevalo
|
0-0: Ball 1-0: Ball 2-0: Foul Ball, location: 2F 2-1: Called Strike 2-2: Strikes out looking
|
|
Batting: LHB Ian Jarvis
|
0-0: Ball 1-0: Swinging Strike 1-1: Foul Ball, location: 2F 1-2: Ball 2-2: Foul Ball, location: 2F 2-2: Foul Ball, location: 2F 2-2: Ground out 5-3 (Groundball, 56, EV 98.1 MPH)
|
|
Batting: LHB Soo-yeon Kym
|
0-0: Swinging Strike 0-1: Called Strike 0-2: Foul Ball, location: 2F 0-2: Foul Ball, location: 2F 0-2: Foul Ball, location: 2F 0-2: Foul Ball, location: 2F 0-2: Ball 1-2: Strikes out swinging
|
| Top of the 4th over - 0 runs, 0 hits, 0 errors, 0 left on base; Reno 2 - Colorado Springs 1 |
| BOTTOM OF THE 4TH |
|
Colorado Springs Sky Sox batting - Pitching for Reno Aces : LHP Nate Ciccarelli
|
|
Batting: RHB Ryan Rinaldi
|
0-0: Foul Ball, location: 2F 0-1: Ground out 6-3 (Groundball, 6M, EV 83.8 MPH)
|
|
Batting: LHB Michael Krott
|
0-0: Ball 1-0: Ball 2-0: Ball 3-0: Base on Balls
|
|
Batting: RHB Matviy Oliynyk
|
0-0: Ball 1-0: Foul Ball, location: 2F 1-1: Foul Ball, location: 2F 1-2: Ball 2-2: Fly out, F8 (Flyball, 8LD, EV 87.5 MPH)
|
|
Batting: LHB Nick Martin
|
0-0: Ball 1-0: Fly out, F4 (Line Drive, 34, EV 67.5 MPH)
|
| Bottom of the 4th over - 0 runs, 0 hits, 0 errors, 1 left on base; Reno 2 - Colorado Springs 1 |
| TOP OF THE 5TH |
|
Reno Aces batting - Pitching for Colorado Springs Sky Sox : RHP Andrew Ferrell
|
|
Batting: RHB Danny Gerardo
|
0-0: Ball 1-0: Swinging Strike 1-1: Called Strike 1-2: Ball 2-2: Strikes out looking
|
|
Batting: RHB Enrique Juarez
|
0-0: Foul Ball, location: 2F 0-1: Foul Ball, location: 2F 0-2: Ball 1-2: Ground out 6-3 (Groundball, 6, EV 88.1 MPH)
|
|
Batting: RHB Edgar Garcia
|
0-0: Ball 1-0: Foul Ball, location: 2F 1-1: Ball 2-1: Fly out, F8 (Flyball, 8RD, EV 96.2 MPH)
|
| Top of the 5th over - 0 runs, 0 hits, 0 errors, 0 left on base; Reno 2 - Colorado Springs 1 |
| BOTTOM OF THE 5TH |
|
Colorado Springs Sky Sox batting - Pitching for Reno Aces : LHP Nate Ciccarelli
|
|
Batting: SHB Chris Besselman
|
0-0: Ball 1-0: Called Strike 1-1: Ball 2-1: Foul Ball, location: 2F 2-2: Foul Ball, location: 2F 2-2: Foul Ball, location: 2F 2-2: SINGLE (Groundball, 56D, EV 101.9 MPH)
|
|
Batting: RHB Kevin Tangeman
|
0-0: Ball 1-0: Swinging Strike 1-1: Called Strike 1-2: Ball 2-2: Ball 3-2: Foul Ball, location: 2F 3-2: Grounds into double play, 5-4-3 (Groundball, 56, EV 98.1 MPH)
|
|
Batting: RHB Pei Xie
|
0-0: Ball 1-0: Ground out 6-3 (Groundball, 6, EV 97.5 MPH)
|
| Bottom of the 5th over - 0 runs, 1 hit, 0 errors, 0 left on base; Reno 2 - Colorado Springs 1 |
| TOP OF THE 6TH |
|
Reno Aces batting - Pitching for Colorado Springs Sky Sox : RHP Andrew Ferrell
|
|
Batting: RHB Franklin Villanueva
|
0-0: Ball 1-0: Called Strike 1-1: Swinging Strike 1-2: Foul Ball, location: 2F 1-2: Ground out 3-1 (Groundball, 34S, EV 77.5 MPH)
|
|
Batting: LHB Willie Gutierrez
|
0-0: Called Strike 0-1: Called Strike 0-2: Fly out, F7 (Flyball, 7S, EV 94.4 MPH)
|
|
Batting: RHB Jesus Galvan
|
0-0: Ball 1-0: SINGLE (Line Drive, 89S, EV 104.4 MPH)
|
|
Batting: LHB Bobby Arevalo
|
0-0: Ball 1-0: Ground out 4-3 (Groundball, 4, EV 85.6 MPH)
|
| Top of the 6th over - 0 runs, 1 hit, 0 errors, 1 left on base; Reno 2 - Colorado Springs 1 |
| BOTTOM OF THE 6TH |
|
Colorado Springs Sky Sox batting - Pitching for Reno Aces : LHP Nate Ciccarelli
|
|
Batting: RHB Juan Figueroa
|
0-0: Ball 1-0: Fly out, F7 (Line Drive, 78S, EV 100.6 MPH)
|
|
Batting: LHB Steve Gilliam
|
0-0: Ball 1-0: Called Strike 1-1: Fly out, F6 (Flyball, 6D, EV 90.6 MPH)
|
|
Batting: RHB Ryan Rinaldi
|
0-0: Ball 1-0: Ball 2-0: Called Strike 2-1: Foul Ball, location: 2F 2-2: Ball 3-2: Fly out, F8 (Flyball, 78M, EV 91.2 MPH)
|
| Bottom of the 6th over - 0 runs, 0 hits, 0 errors, 0 left on base; Reno 2 - Colorado Springs 1 |
| TOP OF THE 7TH |
|
Reno Aces batting - Pitching for Colorado Springs Sky Sox : RHP Andrew Ferrell
|
|
Batting: LHB Ian Jarvis
|
0-0: Called Strike 0-1: Called Strike 0-2: Foul Ball, location: 2F 0-2: Ball 1-2: Strikes out swinging
|
|
Pitching: LHP Eric Zielinski
|
|
|
Batting: LHB Soo-yeon Kym
|
0-0: Ball 1-0: Ball 2-0: SINGLE (Line Drive, 7S, EV 91.2 MPH)
|
|
Batting: RHB Danny Gerardo
|
0-0: Foul Ball, location: 2F 0-1: Reaches on Catchers interference Soo-yeon Kym to second
|
|
Batting: RHB Enrique Juarez
|
0-0: Ball 1-0: Swinging Strike 1-1: 3-RUN HOME RUN (Flyball, 7D, EV 100.0 MPH), Distance : 381 ft
|
|
Pitching: RHP Vas Karamyshev
|
|
|
Batting: RHB Edgar Garcia
|
0-0: Called Strike 0-1: Called Strike 0-2: Foul Ball, location: 2F 0-2: Foul Ball, location: 2F 0-2: Ball 1-2: Ball 2-2: Strikes out swinging
|
|
Batting: RHB Franklin Villanueva
|
0-0: Called Strike 0-1: Ball 1-1: Ground out 5-3 (Groundball, 56, EV 103.8 MPH)
|
| Top of the 7th over - 3 runs, 2 hits, 1 error, 0 left on base; Reno 5 - Colorado Springs 1 |
| BOTTOM OF THE 7TH |
|
Colorado Springs Sky Sox batting - Pitching for Reno Aces : LHP Nate Ciccarelli
|
|
Pitching: RHP Kyle Bradley
|
|
|
Batting: LHB Michael Krott
|
0-0: Ball 1-0: Ball 2-0: Swinging Strike 2-1: Called Strike 2-2: Ground out 5-3 (Groundball, 56, EV 108.8 MPH)
|
|
Batting: RHB Matviy Oliynyk
|
0-0: Ball 1-0: Ball 2-0: Called Strike 2-1: SINGLE (Groundball, 4D, EV 100.0 MPH)
|
|
Batting: LHB Nick Martin
|
0-0: Called Strike 0-1: Fly out, F7 (Flyball, 78S, EV 81.9 MPH)
|
|
Batting: SHB Chris Besselman
|
0-0: Ball 1-0: Ball Matviy Oliynyk steals 2nd base 2-0: Ground out U3 (Groundball, 3, EV 87.5 MPH)
|
| Bottom of the 7th over - 0 runs, 1 hit, 0 errors, 1 left on base; Reno 5 - Colorado Springs 1 |
| TOP OF THE 8TH |
|
Reno Aces batting - Pitching for Colorado Springs Sky Sox : RHP Vas Karamyshev
|
|
Pitching: RHP Jim Micaletti
|
|
|
Batting: LHB Willie Gutierrez
|
0-0: Ball 1-0: Foul Ball, location: 2F 1-1: Ground out 6-3 (Groundball, 6, EV 80.6 MPH)
|
|
Batting: RHB Jesus Galvan
|
0-0: DOUBLE (Line Drive, 7LM, EV 98.1 MPH)
|
|
Pinch Runner at 2nd Nick Beecher:
|
|
|
Batting: LHB Bobby Arevalo
|
0-0: Ball 1-0: Ball 2-0: Foul Ball, location: 2F 2-1: Ball 3-1: Called Strike 3-2: Base on Balls
|
|
Batting: LHB Ian Jarvis
|
0-0: Called Strike 0-1: Foul Ball, location: 2F 0-2: Ball 1-2: Ball 2-2: SINGLE (Flyball, 4D, EV 84.4 MPH) Nick Beecher to third Bobby Arevalo to second
|
|
Batting: LHB Soo-yeon Kym
|
0-0: Ball 1-0: Ball 2-0: Ball 3-0: Called Strike 3-1: Swinging Strike 3-2: Strikes out swinging
|
|
Batting: RHB Danny Gerardo
|
0-0: Ball 1-0: Ball 2-0: Called Strike 2-1: Ground out 5-3 (Groundball, 56S, EV 68.1 MPH)
|
| Top of the 8th over - 0 runs, 2 hits, 0 errors, 3 left on base; Reno 5 - Colorado Springs 1 |
| BOTTOM OF THE 8TH |
|
Colorado Springs Sky Sox batting - Pitching for Reno Aces : RHP Kyle Bradley
|
|
Now at 1B: Cesar Chavez
|
|
|
Batting: RHB Kevin Tangeman
|
0-0: Ball 1-0: Ground out 5-3 (Groundball, 56S, EV 93.1 MPH)
|
|
Pinch Hitting: LHB Kyle Schaible
|
0-0: Ball 1-0: Swinging Strike 1-1: Foul Ball, location: 2F 1-2: Foul Ball, location: 2F 1-2: Strikes out looking
|
|
Batting: RHB Juan Figueroa
|
0-0: Foul Ball, location: 2F 0-1: Called Strike 0-2: Foul Ball, location: 2F 0-2: Ball 1-2: Foul Ball, location: 2F 1-2: Fly out, F9 (Flyball, 9, EV 83.8 MPH)
|
| Bottom of the 8th over - 0 runs, 0 hits, 0 errors, 0 left on base; Reno 5 - Colorado Springs 1 |
| TOP OF THE 9TH |
|
Reno Aces batting - Pitching for Colorado Springs Sky Sox : RHP Jim Micaletti
|
|
Pitching: RHP Zach Sommer
|
|
|
Now at SS: Kyle Schaible
|
|
|
Batting: RHB Enrique Juarez
|
0-0: Swinging Strike 0-1: Fly out, F9 (Flyball, 89M, EV 84.4 MPH)
|
|
Batting: RHB Edgar Garcia
|
0-0: Ball 1-0: Called Strike 1-1: Foul Ball, location: 2F 1-2: SINGLE (Groundball, 25, EV 72.5 MPH) (infield hit)
|
|
Batting: RHB Franklin Villanueva
|
0-0: Foul Ball, location: 2F 0-1: Called Strike 0-2: Foul Ball, location: 2F 0-2: Ball 1-2: Grounds into double play, 5-4-3 (Groundball, 56S, EV 86.2 MPH)
|
| Top of the 9th over - 0 runs, 1 hit, 0 errors, 0 left on base; Reno 5 - Colorado Springs 1 |
| BOTTOM OF THE 9TH |
|
Colorado Springs Sky Sox batting - Pitching for Reno Aces : RHP Kyle Bradley
|
|
Pitching: RHP Marcos Tejeda
|
|
|
Batting: LHB Steve Gilliam
|
0-0: Ball 1-0: Swinging Strike 1-1: Swinging Strike 1-2: Ball 2-2: Fly out, F7 (Flyball, 7, EV 75.6 MPH)
|
|
Batting: RHB Ryan Rinaldi
|
0-0: Ball 1-0: Swinging Strike 1-1: Ball 2-1: Foul Ball, location: 2F 2-2: Strikes out looking
|
|
Batting: LHB Michael Krott
|
0-0: Called Strike 0-1: Foul Ball, location: 2F 0-2: Ground out U3 (Groundball, 3, EV 87.5 MPH)
|
| Bottom of the 9th over - 0 runs, 0 hits, 0 errors, 0 left on base; Reno 5 - Colorado Springs 1 |
|